AoeStats
← hoisan

MegaRandom

506730170Analyzed
4v4 RM · 19d ago on Sep 14, 2026· 44m 16s· 8 players
Game mode
Random Map
Map size
Large (8 player)
Population
200
Speed
Normal
Resources
Standard
Victory
Conquest
Starting age
Dark Age
Ending age
Imperial Age
RankedLock teamsTeams togetherTeam positionsShared explorationLock speedFull tech treeHidden civsTurbo modeCheats
Victory
Defeat
🇪🇸 Malians · Spain
935
+11
🇬🇧 Mongols · United Kingdom
935
+11
🇹🇷 Malay · Türkiye
842
+14
🇧🇷 Romans · Brazil
839
+14
🇹🇷 Georgians · Türkiye
887
-16
🇹🇷 Byzantines · Türkiye
856
-14
🇹🇷 Goths · Türkiye
778
-11
🇹🇷 Cumans · Türkiye
723
-9
Zedarr
0:29 Loom
10:12 Feudal Age
10:35 Fishing Lines
15:55 Double-Bit Axe
16:04 Stone Mining
20:57 Castle Age
19:17 Gold Mining
19:49 Horse Collar
20:28 Gillnets
21:36 Stone Shaft Mining
25:46 Pikeman
26:27 Squires
28:27 Forging
28:45 Thalassocracy
31:32 Imperial Age
30:48 Gold Shaft Mining
31:08 Wheelbarrow
30:52 Bow Saw
30:47 Heavy Plow
31:30 Treadmill Crane
32:11 Ballistics
32:52 Chemistry
32:18 Ballistics
31:40 Treadmill Crane
32:52 Elite Cannon Galleon
34:30 Clinker Construction
34:31 Careening
34:41 Caravan
40:38 Elite Karambit Warrior
42:33 Hand Cart
42:05 Town Watch
Gripe A
0:43 Loom
9:54 Feudal Age
16:06 Castle Age
14:24 Double-Bit Axe
14:29 Horse Collar
14:54 Stone Mining
17:27 Gold Mining
25:52 Wheelbarrow
30:48 Imperial Age
30:45 Ballistics
30:27 Scale Mail Armor
31:58 Hand Cart
33:28 Heavy Plow
34:52 Chain Mail Armor
35:19 Elite Gbeto
39:12 Chemistry
40:14 Bow Saw
40:45 Gold Shaft Mining
Horahlooks
0:42 Loom
10:31 Feudal Age
13:13 Scale Barding Armor
13:33 Horse Collar
14:48 Forging
17:31 Wheelbarrow
20:12 Castle Age
19:29 Bloodlines
19:56 Double-Bit Axe
21:10 Bow Saw
24:07 Chain Barding Armor
29:24 Heavy Plow
32:24 Hand Cart
32:00 Town Watch
35:09 Fletching
35:19 Padded Archer Armor
35:15 Gold Mining
35:49 Husbandry
35:14 Light Cavalry
36:38 Iron Casting
36:00 Bodkin Arrow
37:30 Gold Shaft Mining
36:47 Stone Mining
38:16 Iron Casting
37:57 Leather Archer Armor
38:09 Ballistics
38:00 Masonry
Caduzera
4:52 Loom
8:15 Feudal Age
9:09 Double-Bit Axe
11:39 Gold Mining
13:21 Man-at-Arms
18:10 Castle Age
17:41 Stone Mining
18:39 Scale Mail Armor
21:28 Long Swordsman
22:20 Forging
24:06 Horse Collar
25:04 Wheelbarrow
35:32 Imperial Age
34:09 Iron Casting
33:49 Chain Mail Armor
35:37 Pikeman
36:35 Legionary
43:08 Squires
lokmanhekim02
3:36 Loom
10:18 Feudal Age
15:50 Castle Age
13:52 Horse Collar
14:16 Double-Bit Axe
28:34 Imperial Age
28:39 Gold Mining
32:33 Wheelbarrow
34:16 Scale Barding Armor
34:03 Cavalier
34:44 Husbandry
38:59 Forging
39:11 Hand Cart
39:59 Gold Shaft Mining
39:16 Stone Mining
41:03 Elite Cataphract
44:17 Iron Casting
llDraebu
1:53 Loom
8:37 Feudal Age
11:49 Double-Bit Axe
11:54 Horse Collar
14:40 Wheelbarrow
14:47 Gold Mining
18:02 Bloodlines
20:55 Castle Age
20:11 Stone Mining
21:37 Scale Barding Armor
21:44 Forging
22:03 Bow Saw
22:33 Stone Shaft Mining
24:04 Pikeman
27:56 Chain Barding Armor
28:08 Padded Archer Armor
30:09 Leather Archer Armor
29:45 Fletching
33:10 Bodkin Arrow
38:36 Iron Casting
Gus Fring9629
5:31 Loom
10:34 Feudal Age
11:39 Double-Bit Axe
11:43 Horse Collar
16:40 Gold Mining
19:46 Castle Age
22:26 Scale Mail Armor
23:37 Squires
24:00 Bow Saw
25:11 Heavy Plow
27:31 Pikeman
33:45 Imperial Age
34:09 Wheelbarrow
34:29 Forging
34:35 Anarchy
hoisan
4:06 Loom
12:36 Feudal Age
13:24 Double-Bit Axe
13:25 Horse Collar
14:24 Wheelbarrow
15:21 Bloodlines
16:36 Gold Mining
16:39 Stone Mining
29:16 Castle Age
30:38 Hand Cart
31:10 Bow Saw
31:48 Heavy Plow
32:33 Steppe Husbandry
34:07 Padded Archer Armor
34:03 Fletching
34:33 Forging
Connection lost

Rejoining the realm…

Still unreachable

The connection could not be restored.

Session expired

The server has moved on; the page needs a fresh start.